AoeStats
← Bo Xilai stan

Arena

508813614Analyzed
2v2 RM · 7d ago on Sep 24, 2026· 58m 40s· 4 players
Game mode
Random Map
Map size
Medium (4 player)
Population
200
Speed
Normal
Resources
Standard
Victory
Conquest
Starting age
Dark Age
Ending age
Imperial Age
RankedLock teamsTeams togetherTeam positionsShared explorationLock speedFull tech treeHidden civsTurbo modeCheats
Victory
Defeat
🇭🇰 Khmer · Hong Kong SAR China
994
+14
🇺🇸 Romans · United States
974
+15
🇲🇽 Cumans · Mexico
955
-15
🇺🇸 Armenians · United States
950
-14
groot915
10:42 Feudal Age
11:31 Man-at-Arms
12:16 Long Swordsman
25:48 Arson
28:02 Horse Collar
32:53 Double-Bit Axe
35:46 Castle Age
36:21 Two-Handed Swordsman
37:48 Gambesons
39:28 Heavy Plow
39:39 Squires
40:03 Champion
41:16 Bow Saw
40:58 Gold Mining
42:17 Wheelbarrow
42:05 Forging
41:56 Scale Mail Armor
50:02 Hand Cart
52:38 Imperial Age
51:42 Padded Archer Armor
51:33 Fletching
52:41 Gold Shaft Mining
53:04 Ballistics
53:08 Bow Saw
55:03 Chemistry
56:25 Leather Archer Armor
56:05 Bodkin Arrow
Rafartegames
10:51 Feudal Age
23:53 Man-at-Arms
27:07 Castle Age
26:01 Forging
25:51 Scale Mail Armor
26:38 Scale Barding Armor
27:59 Bloodlines
28:42 Light Cavalry
37:12 Imperial Age
35:01 Double-Bit Axe
35:55 Gold Mining
35:47 Horse Collar
37:17 Caravan
38:26 Iron Casting
38:12 Chain Barding Armor
37:23 Cavalier
41:01 Caravan
40:36 Capped Ram
42:08 Heavy Plow
45:08 Blast Furnace
44:43 Plate Barding Armor
44:49 Crop Rotation
44:24 Hussar
44:53 Paladin
47:24 Onager
49:18 Blast Furnace
48:54 Plate Barding Armor
51:22 Onager
52:47 Steppe Husbandry
52:52 Siege Onager
Bo Xilai stan
10:52 Feudal Age
9:08 Loom
16:24 Castle Age
15:25 Double-Bit Axe
16:53 Man-at-Arms
18:31 Long Swordsman
30:50 Redemption
31:33 Horse Collar
36:34 Imperial Age
34:05 Town Watch
35:21 Wheelbarrow
36:30 Fervor
36:34 Town Patrol
36:50 Hand Cart
38:10 Stone Mining
38:17 Gold Mining
38:53 Bow Saw
38:51 Heavy Plow
38:40 Pikeman
40:41 Forging
40:34 Scale Mail Armor
41:36 Ballistas
40:58 Legionary
43:47 Halberdier
44:28 Squires
45:46 Heavy Scorpion
47:24 Capped Ram
50:05 Siege Ram
52:45 Iron Casting
52:28 Chain Mail Armor
53:14 Gold Shaft Mining
54:21 Chemistry
53:47 Ballistics
54:28 Chemistry
53:36 Siege Engineers
54:33 Chemistry
53:50 Masonry
code monkey HK
7:57 Feudal Age
12:55 Castle Age
11:40 Double-Bit Axe
15:19 Horse Collar
19:21 Wheelbarrow
32:19 Wheelbarrow
33:48 Bow Saw
35:38 Stone Mining
36:34 Hand Cart
36:06 Loom
38:06 Gold Mining
40:32 Gold Shaft Mining
43:42 Heavy Plow
47:23 Imperial Age
44:39 Town Watch
48:10 Scale Barding Armor
48:28 Conscription
48:56 Double Crossbow
48:54 Fletching
49:05 Padded Archer Armor
49:25 Chain Barding Armor
49:15 Forging
49:30 Pikeman
49:56 Arson
50:41 Fortified Wall
50:39 Light Cavalry
51:29 Bloodlines
51:19 Husbandry
51:27 Elite Skirmisher
52:10 Bodkin Arrow
52:31 Leather Archer Armor
52:55 Iron Casting
53:07 Siege Engineers
54:04 Chemistry
53:51 Plate Barding Armor
53:20 Scale Mail Armor
54:56 Halberdier
56:43 Blast Furnace
55:43 Bracer
56:23 Hoardings
55:09 Elite Ballista Elephant
55:17 Elite Ballista Elephant
57:54 Chain Mail Armor
57:38 Murder Holes
58:04 Ballistics
57:54 Masonry
57:10 Hussar
Connection lost

Rejoining the realm…

Still unreachable

The connection could not be restored.

Session expired

The server has moved on; the page needs a fresh start.